 Dungeon Crawl Stone Soup version 0.30-a0-50-gb2d611f6b1 (webtiles) character file.

Game seed: 8342736948843249356

373 porpoise the Poker (level 6, -1/43 (51) HPs)
             Began as a Demonspawn Gladiator on Sept 5, 2022.
             Slain by Duvessa
             ... wielding a +3 short sword of draining
              (9 damage)
             ... on level 5 of the Dungeon.
             The game lasted 00:08:04 (3975 turns).

porpoise the Poker (Demonspawn Gladiator)           Turns: 3975, Time: 00:08:04

HP:   -1/43 (51)    AC: 10    Str: 13 (16) XL:     6   Next: 43%
MP:   6/6           EV:  9    Int:  8 (9)  God:
Gold: 233           SH:  4    Dex: 14 (15) Spells: 5/5 levels left

rFire   . . .      SeeInvis .    a - +0 trident
rCold   . . .      Faith    .    (no shield)
rNeg    . . .      Spirit   .    v - +2 scale mail of Wariness {+Inv}
rPois   .          Reflect  .    (helmet restricted)
rElec   .          Harm     .    (no cloak)
rCorr   .          Rampage  .    m - +0 pair of gloves
Will    .....                    h - +0 pair of boots
Stlth   ..........               (no amulet)
HPRegen 0.14/turn                (no ring)
MPRegen 0.10/turn                (no ring)

@: mighty, heavily drained
A: horns 1, condensation shield
a: Evoke Invisibility


You were on level 5 of the Dungeon.
You visited 1 branch of the dungeon, and saw 5 of its levels.

You collected 233 gold pieces.

Inventory:

Hand Weapons
 a - a +0 trident (weapon)
Missiles
 c - 3 boomerangs (quivered)
 e - a javelin
 j - 3 silver javelins
Armour
 h - a +0 pair of boots (worn)
 i - a +0 ring mail
 m - a +0 pair of gloves (worn)
 v - the +2 scale mail of Wariness (worn) {+Inv}
   (You found it on level 3 of the Dungeon)

   +Inv:      It lets you turn invisible.
Wands
 r - a wand of roots (14)
Scrolls
 b - 2 scrolls of magic mapping
 g - 2 scrolls of vulnerability
 l - a scroll of enchant weapon {unknown}
 o - a scroll of poison
 p - a scroll of amnesia {unknown}
 s - 2 scrolls of teleportation {unknown}
 u - a scroll of immolation {unknown}
 w - a scroll of noise {unknown}
Potions
 k - a potion of resistance
 x - a potion of heal wounds {unknown}


   Skills:
 + Level 5.0 Fighting
 + Level 5.1 Polearms
 - Level 1.7 Throwing
 - Level 2.6 Dodging


You had 5 spell levels left.
You didn't know any spells.
Your spell library contained the following spells:

 Spells                   Type           Power      Damage    Failure   Level
 Conjure Flame            Conj/Fire      0%         6-21      100%        3
 Ignite Poison            Fire/Tmut/Pois 0%         N/A       100%        3
 Sticky Flame             Conj/Fire      0%         2d3       100%        4


Dungeon Overview and Level Annotations

Branches:
Dungeon (5/15)
 Temple: D:4-7

Altars:

Annotations:
D:3 /dig
D:4 1 runed translucent door, pdpol's ghost, novice OgHu
D:5 Dowan; Duvessa


Innate Abilities, Weirdness & Mutations

You have a pair of small horns on your head.
A meltable shield of frost defends you. (SH +4)


Message History

The net rips apart, and Duvessa comes free!
Dowan casts a spell at you. You block the puff of flame.
You barely miss Duvessa.
Duvessa is heavily wounded.
You feel sick. Duvessa hits you but does no damage.
You feel drained.
Duvessa hits you with a +3 short sword of draining!
You feel drained. Dowan hits you with a +0 mace.
You are too injured to fight recklessly!
Unknown command.
It was a potion of cancellation.
You feel magically purged.
You feel sick.
Duvessa hits you with a +3 short sword of draining.
* * * LOW HITPOINT WARNING * * *
You feel drained.
* * * LOW HITPOINT WARNING * * *
Dowan hits you but does no damage.
Duvessa hits you with a +3 short sword of draining.
* * * LOW HITPOINT WARNING * * *
You feel drained.
It was a potion of degeneration.
There was something very wrong with that liquid.
You feel weakened.
You feel dopey.
You feel clumsy.
You feel sick. Duvessa says, "Did you see that move?
Perfect!"
Duvessa hits you with a +3 short sword of draining.
* * * LOW HITPOINT WARNING * * *
You feel drained.
* * * LOW HITPOINT WARNING * * *
Dowan hits you with a +0 mace.
* * * LOW HITPOINT WARNING * * *
You feel better.
Duvessa hits you with a +3 short sword of draining.
* * * LOW HITPOINT WARNING * * *
You feel drained. Dowan hits you with a +0 mace.
* * * LOW HITPOINT WARNING * * *
Duvessa barely misses you.
It was a potion of might.
You feel very mighty all of a sudden.
Duvessa hits you with a +3 short sword of draining!
You die...

########## ... #.
#........# ...#.
#........# .
..#.#####........# ..
....##.....<....# ...
#.#....#........#
....#.#...e.........#
....=...###@e.......#
#..))....##.####
#..####)###.# #..$#
#.# ..# ....#.#
#†....# ....###.#
#..##.# .... #.#
#..#..# ... #..
#..#.## .. ##. ....


You could see Duvessa (fast) and Dowan.

Vanquished Creatures
  A scorpion (D:5)
  2 hounds
  A jelly (D:3)
  An orc priest (D:5)
  An iguana (D:4)
  2 orc wizards (D:4)
  2 adders
  A worm (D:2)
  3 dart slugs
  10 orcs
  5 endoplasms
  16 giant cockroaches
  7 goblins
  3 hobgoblins (D:4)
  8 jackals
  A quokka (D:4)
  7 ball pythons
  2 bats
  2 frilled lizards (D:2)
  10 kobolds
  6 rats
91 creatures vanquished.

Notes
Turn   | Place    | Note
-------+----------+-------------------------------------------
     0 | D:1      | porpoise the Demonspawn Gladiator began the quest for the
                  | Orb.
     0 | D:1      | Reached XP level 1. HP: 16/16 MP: 1/1
   346 | D:1      | Gained mutation: A meltable shield of frost defends you.
                  | (SH +4) [demonic ancestry]
   346 | D:1      | Reached XP level 2. HP: 23/23 MP: 2/2
   895 | D:2      | Reached XP level 3. HP: 22/28 MP: 3/3
  1784 | D:3      | Found a faded altar of an unknown god.
  1805 | D:3      | Identified the +2 scale mail of Wariness {+Inv}
  1838 | D:3      | Reached XP level 4. HP: 31/35 MP: 4/4
  2923 | D:4      | Found a runed translucent door.
  2930 | D:4      | Noticed pdpol's ghost (novice OgHu)
  3058 | D:4      | Reached XP level 5. HP: 36/42 MP: 5/5
  3740 | D:5      | Entered Level 5 of the Dungeon
  3747 | D:5      | Noticed Duvessa
  3749 | D:5      | Noticed Dowan
  3753 | D:5      | Gained mutation: You have a pair of small horns on your
                  | head. [demonic ancestry]
  3753 | D:5      | Reached XP level 6. HP: 49/49 MP: 6/6
  3864 | D:5      | Reached skill level 5 in Polearms
  3914 | D:5      | Reached skill level 5 in Fighting
  3973 | D:5      | HP: 2/44 [Dowan/+0 mace (5)]
  3975 | D:5      | Slain by Duvessa

Illustrated notes

Levels and vault maps discovered:
D:1:      nicolae_arrival_memento_mori, layout_basic, nicolae_eternal_life
D:2:      layout_rooms, serial_corexii_hall, corexii_hall_statues_i,
          chequers_hall_statues_corner_a, chequers_hall_statues_corner_a,
          corexii_hall_statues_x, st_stairs_2
D:3:      minmay_roachtagon, layout_basic, serial_glass, glass_columns_a,
          glass_columns_c, due_unseen_surprise, basic_ecumenical_altar
D:4:      layout_basic, ebering_ghost_reflecting_pool, feat_on_display
D:5:      layout_rooms, nicolae_overflow_hidden_temple,
          minmay_misc_feat_ornament, uniq_duvessa, uniq_pikel

Skill      XL: |  1  2  3  4  5  6 |
---------------+-------------------+-----
Polearms       | 3 4 5 |  5.1
Fighting       | 3 4 5 |  5.0
Throwing       | |  1.7
Dodging        | |  2.6

Action                   |  1- 3 |  4- 6 || total
-------------------------+-------+-------++-------
Melee: Trident           |   119 |   168 ||   287
       Punch             |     1 |     1 ||     2
       Headbutt          |       |     2 ||     2
Throw: Throwing net      |       |     3 ||     3
  Use: Scroll            |     2 |     3 ||     5
       Potion            |       |     5 ||     5
 Stab: Held in net/web   |       |     1 ||     1
Armor: Leather armour    |     5 |       ||     5
       Ring mail         |    29 |       ||    29
       Scale mail        |       |    54 ||    54
Dodge: Dodged            |    44 |    41 ||    85
Block: Other             |     7 |    14 ||    21

Table legend: (Time is in decaauts)
 A = Elapsed time spent in this place.
 B = Non-inter-level travel time spent in this place.
 C = Inter-level travel time spent in this place.
 D = Time resting spent in this place.
 E = Time spent auto-exploring this place.
 F = Levels seen in this place.
 G = Mean time per level.
                   A        B        C        D        E       F      G
               +--------+--------+--------+--------+--------+-----+--------+
         Total |   4005 |   3840 |    165 |    541 |   2603 |   5 |  801.0 |
       Dungeon |   4005 |   3840 |    165 |    541 |   2603 |   5 |  801.0 |
               +--------+--------+--------+--------+--------+-----+--------+

Top non-repeatable levels by time:
     D:4: 1383 daAuts
     D:1: 887 daAuts
     D:3: 875 daAuts
     D:2: 678 daAuts
     D:5: 181 daAuts
